 Dungeon Crawl Stone Soup version 0.30-a0-782-ge64f9170bb (webtiles) character file.

Game seed: 632774774800092776

329 mopl the Slasher (level 6, -15/36 HPs)
             Began as a Tengu Warper on Mar 6, 2023.
             Demolished by an ogre
             ... wielding a +0 giant spiked club
              (32 damage)
             ... on level 5 of the Dungeon.
             The game lasted 00:05:38 (3233 turns).

mopl the Slasher (Tengu Warper)                     Turns: 3233, Time: 00:05:39

Health: -15/36     AC:  5    Str: 14    XL:     6   Next: 50%
Magic:  11/11      EV: 13    Int: 13    God:
Gold:   221        SH:  0    Dex: 13    Spells: 4/10 levels left

rFire   . . .      SeeInvis .    a - +0 falchion
rCold   . . .      Faith    .    (no shield)
rNeg    . . .      Spirit   .    i - +0 ring mail
rPois   .          Reflect  .    (helmet restricted)
rElec   .          Harm     .    (no cloak)
rCorr   .          Rampage  .    (no gloves)
Will    .....                    (boots unavailable)
Stlth   +                        (no amulet)
HPRegen 0.26/turn                (no ring)
MPRegen 0.12/turn                (no ring)

@: flying quickly and evasively, quick
A: beak, talons 3, nimble flight
a: no special abilities


You were on level 5 of the Dungeon.
You visited 1 branch of the dungeon, and saw 5 of its levels.

You collected 221 gold pieces.

Inventory:

Hand Weapons
 a - a +0 falchion (weapon)
Missiles
 d - 7 boomerangs of dispersal
 g - 26 stones
 h - 3 poisoned darts (quivered)
 y - a throwing net
 z - 2 boomerangs
Armour
 i - a +0 ring mail (worn)
 n - a +0 scale mail
Scrolls
 b - a scroll of silence {unknown}
 c - a scroll of blinking
 f - 2 scrolls of fog {unknown}
 k - 3 scrolls of teleportation {unknown}
 l - a scroll of enchant weapon {unknown}
 m - 5 scrolls of identify {unknown}
 s - a scroll of enchant armour {unknown}
 t - a scroll of vulnerability {unknown}
 u - a scroll of magic mapping {unknown}
 v - a scroll of acquirement {unknown}
 x - a scroll of summoning {unknown}
Potions
 e - 2 potions of brilliance {unknown}
 j - a potion of heal wounds {unknown}
 o - 3 potions of berserk rage {unknown}
 p - 4 potions of might {unknown}
 q - 2 potions of invisibility {unknown}
 r - a potion of mutation {unknown}
 w - a potion of curing


   Skills:
 + Level 2.9 Fighting
 * Level 4.2 Long Blades
 - Level 2.0 Throwing
 + Level 2.6 Armour
 + Level 3.1 Dodging
 + Level 2.8 Spellcasting
 + Level 1.1 Conjurations
 + Level 3.0 Translocations


You had 4 spell levels left.
You knew the following spells:

 Your Spells              Type           Power      Damage    Failure   Level
a - Momentum Strike       Conj/Tloc      14%        3d8       30%         2
b - Lesser Beckoning      Tloc           18%        N/A       21%         2
e - Blink                 Tloc           18%        N/A       21%         2

Your spell library contained the following spells:

 Spells                   Type           Power      Damage    Failure   Level
 Gell's Gravitas          Tloc           9%         N/A       36%         3
 Teleport Other           Tloc           9%         N/A       36%         3
 Vhi's Electric Charge    Tloc/Air       10%        N/A       58%         3
 Kindle Blastsparks       Fire/Tloc/Air  8%         2d10      67%         3
 Manifold Assault         Tloc           9%         N/A       78%         4
 Ignite Poison            Fire/Tmut/Pois 1%         N/A       80%         3
 Freezing Cloud           Conj/Ice/Air   1%         6-21      100%        5
 Dispersal                Tloc           4%         N/A       100%        6


Dungeon Overview and Level Annotations

Branches:
Dungeon (5/15)
 Temple: D:4-7

Altars:
Fedhas
Ru

Shops:
D:2 [

Annotations:
D:2 Sigmund


Innate Abilities, Weirdness & Mutations

You have a beak for a mouth.
You have claws for feet.
Your magical nature lets you fly swiftly and evasively.


Message History

You see here a +0 plate armour.
There is a stone staircase leading down here.
You fly downwards.
There is a stone staircase leading up here.
You now have 221 gold pieces (gained 8).
An ogre and an adder come into view.
Found a sacrificial altar of Ru.
The ogre shouts!
You see here a scroll labelled VOPLIO DADWUF.
There is a stone staircase leading up here.
You throw a poisoned dart. The poisoned dart hits the ogre.
The ogre is poisoned.
You throw a poisoned dart. The poisoned dart hits the ogre.
The ogre looks even sicker.
The ogre is lightly wounded.
You throw a poisoned dart. The poisoned dart hits the ogre.
The ogre looks even sicker.
The ogre is lightly wounded.
You hit the ogre. Your peck misses the ogre.
The ogre is lightly wounded.
The ogre misses you. The adder bites you.
You hit the adder. Your peck misses the adder.
The adder is moderately wounded.
The adder bites you but does no damage. The adder misses you.
The adder attacks as you move away! The adder bites you.
The adder completely misses you.
You hit the ogre.
The ogre is heavily wounded.
The ogre hits you with a +0 giant spiked club!
You are too injured to fight recklessly!
You are too injured to fight recklessly!
You hit the ogre. You peck the ogre.
The ogre is almost dead.
You hit the ogre. Your peck misses the ogre.
The ogre is almost dead.
The ogre hits you with a +0 giant spiked club!!
Ouch! That really hurt!
You die...

#.# ####.....#
#.###.##.........#
#.....#.#######?.#
###.##(#..~~~..#.#####
#...#(.~...~..#....#
##.#..(~._.~...#.#.##
##.#..~...~..#......
##.#..~~~.O#...###
##.#######@..#
##.......#.## ##.....
.# ###### ##


You could see an ogre (poisoned).

Vanquished Creatures
  2 hounds
  Jessica (D:2)
  An iguana (D:4)
  11 gnolls
  5 adders
  2 worms
  2 dart slugs
  5 endoplasms
  3 giant cockroaches
  4 goblins
  7 hobgoblins
  3 jackals (D:4)
  2 quokkas (D:2)
  3 ball pythons
  2 bats
  2 frilled lizards
  11 kobolds
  6 rats
72 creatures vanquished.

Notes
Turn   | Place    | Note
-------+----------+-------------------------------------------
     0 | D:1      | mopl the Tengu Warper began the quest for the Orb.
     0 | D:1      | Reached XP level 1. HP: 12/12 MP: 4/4
    34 | D:1      | Found a faded altar of an unknown god.
   270 | D:1      | Reached XP level 2. HP: 14/17 MP: 6/6
   308 | D:1      | You fall into a shaft and drop 1 floor!
   327 | D:1      | Learned a level 2 spell: Blink
   901 | D:2      | Reached XP level 3. HP: 21/21 MP: 7/7
   958 | D:2      | Found a blossoming altar of Fedhas.
   978 | D:2      | Noticed Sigmund
  1293 | D:2      | Found Miujask's Antique Armour Shop.
  1398 | D:2      | Noticed Jessica
  1408 | D:2      | Killed Jessica
  1409 | D:2      | Reached skill level 3 in Long Blades
  1409 | D:2      | Reached XP level 4. HP: 26/26 MP: 8/8
  1670 | D:3      | Reached skill level 2 in Armour
  1775 | D:3      | Gained mutation: Your magical nature lets you fly swiftly
                  | and evasively. [Tengu growth]
  1775 | D:3      | Reached XP level 5. HP: 26/31 MP: 9/9
  1928 | D:3      | Reached skill level 2 in Throwing
  2472 | D:3      | Learned a level 2 spell: Lesser Beckoning
  2475 | D:3      | Learned a level 2 spell: Momentum Strike
  2574 | D:4      | Reached XP level 6. HP: 36/36 MP: 10/10
  2602 | D:4      | Reached skill level 4 in Long Blades
  2602 | D:4      | Reached skill level 3 in Dodging
  2689 | D:4      | Reached skill level 3 in Translocations
  2915 | D:3      | Reached skill level 1 in Conjurations
  3163 | D:5      | Entered Level 5 of the Dungeon
  3188 | D:5      | Found a sacrificial altar of Ru.
  3233 | D:5      | Demolished by an ogre

Illustrated notes

Levels and vault maps discovered:
D:1:      minmay_arrival_three_doors, layout_basic, basic_ecumenical_altar
D:2:      layout_loops_ring, basic_altar, serial_shops,
          nicolae_shop_advertising_works [nicolae_subvault_shop_adworks],
          kennysheep_jessica_study, uniq_sigmund
D:3:      kb_forest_paths, layout_basic
D:4:      layout_basic
D:5:      layout_loops_ring, mainiacjoe_overflow_alcove_1,
          nicolae_ru_awakened_eye, mainiacjoe_overflow_six_doors_small,
          uniq_eustachio, uniq_ijyb

Skill      XL: |  1  2  3  4  5  6 |
---------------+-------------------+-----
Long Blades    | 3 4 |  4.2
Armour         | 2 |  2.6
Throwing       | 2 |  2.0
Dodging        | 3 |  3.1
Translocations | 3 |  3.0
Conjurations   | 1 |  1.1
Fighting       | |  2.9
Spellcasting   | |  2.8

Action                     |  1- 3 |  4- 6 || total
---------------------------+-------+-------++-------
  Melee: Falchion          |    72 |   144 ||   216
         Kick              |    13 |    34 ||    47
         Peck              |     2 |    26 ||    28
         Punch             |     2 |     2 ||     4
  Throw: Dart              |     5 |    15 ||    20
 Armour: Leather armour    |     3 |       ||     3
         Ring mail         |    22 |    33 ||    55
  Dodge: Dodged            |    39 |   102 ||   141

Table legend: (Time is in decaauts)
 A = Elapsed time spent in this place.
 B = Non-inter-level travel time spent in this place.
 C = Inter-level travel time spent in this place.
 D = Time resting spent in this place.
 E = Time spent auto-exploring this place.
 F = Levels seen in this place.
 G = Mean time per level.
                   A        B        C        D        E       F      G
               +--------+--------+--------+--------+--------+-----+--------+
         Total |   3169 |   3089 |     80 |    423 |   1950 |   5 |  633.8 |
       Dungeon |   3169 |   3089 |     80 |    423 |   1950 |   5 |  633.8 |
               +--------+--------+--------+--------+--------+-----+--------+

Top non-repeatable levels by time:
     D:3: 979 daAuts
     D:2: 880 daAuts
     D:1: 730 daAuts
     D:4: 516 daAuts
     D:5: 63 daAuts
